 Dungeon Crawl Stone Soup version 0.31-a0-128-g25add195a6 (webtiles) character file.

Game seed: 10856817134262625900

65 Pimp the Shooter (level 3, -2/21 HPs)
             Began as a Deep Elf Hunter on June 1, 2023.
             Slain by Natasha (6 damage)
             ... on level 2 of the Dungeon.
             The game lasted 00:03:33 (1090 turns).

Pimp the Shooter (Deep Elf Hunter)                  Turns: 1090, Time: 00:03:34

Health: -2/21      AC:  5    Str:  8    XL:     3   Next: 92%
Magic:  5/5        EV: 14    Int: 13    God:
Gold:   68         SH:  0    Dex: 26    Spells: 2/2 levels left

rFire   . . .        a - +1 shortbow
rCold   . . .        (shield currently unavailable)
rNeg    . . .        c - +0 leather armour
rPois   .            (no helmet)
rElec   .            (no cloak)
rCorr   .            h - +1 pair of gloves
SInv    .            (no boots)
Will    .....        (no amulet)
Stlth   +++          j - +6 ring of dexterity
HPRegen 0.23/turn    (no ring)
MPRegen 0.09/turn

%: no passive effects
@: slowed, invisible, very slow
A: no striking features
a: no special abilities


You were on level 2 of the Dungeon.
You visited 1 branch of the dungeon, and saw 2 of its levels.

You collected 68 gold pieces.

Inventory:

Hand Weapons
 a - a +1 shortbow (weapon)
 k - the +4 quarterstaff of Ullam {heavy, Int+3}
   (You found it on level 2 of the Dungeon)

   Int:       It affects your intelligence (+3).
Armour
 c - a +0 leather armour (worn)
 h - a +1 pair of gloves (worn)
Jewellery
 j - a +6 ring of dexterity (left hand)
Scrolls
 b - a scroll of butterflies
 d - a scroll of identify
 l - a scroll of magic mapping {unknown}
Potions
 f - 2 potions of ambrosia {unknown}
 g - a potion of resistance {unknown}
 i - a potion of heal wounds {unknown}
 m - 2 potions of curing {unknown}
 n - a potion of attraction {unknown}


   Skills:
 + Level 2.2 Fighting
 + Level 5.8 Ranged Weapons
 + Level 3.3 Dodging
 + Level 2.6 Stealth


You had 2 spell levels left.
You didn't know any spells.
Your spell library contained the following spells:

 Spells                   Type           Power      Damage    Failure   Level
 Beastly Appendage        Tmut           0%         N/A       41%         1
 Lesser Beckoning         Tloc           0%         N/A       56%         2
 Wereblood                Tmut           0%         N/A       56%         2
 Gell's Gravitas          Tloc           0%         N/A       80%         3
 Spider Form              Tmut/Pois      0%         N/A       80%         3
 Teleport Other           Tloc           0%         N/A       80%         3
 Dispersal                Tloc           0%         N/A       100%        6


Dungeon Overview and Level Annotations

Branches:
Dungeon (2/15)

Altars:
Wu Jian

Annotations:
D:2 Natasha


Message History

a +0 short sword; 2 stones; a kobold corpse You start resting.
HP restored.
You now have 68 gold pieces (gained 10).
Found a stone staircase leading down.
n - a glowing dark potion
Found a rapier.
You see here a +0 whip of freezing.
A quokka comes into view.
You shoot an arrow.
The arrow hits the quokka but does no damage.
You hear an angry hiss.
Natasha, Servant of Life and Death comes into view.
You shoot an arrow. The arrow misses the quokka.
The quokka bites you but does no damage.
You shoot an arrow. The arrow hits the quokka!
You kill the quokka!
Natasha stares at you and mumbles some strange words.
The magic dart hits you!
A giant cockroach comes into view.
Natasha casts a spell at you. The magic dart hits you.
You are too injured to fight recklessly!
Fire: a) +1 shortbow
Press: ? - help, Q - select action Shift-Dir - straight line, f - Natasha
Aim: Natasha (63% to hit)
You shoot an arrow.
The arrow hits Natasha but does no damage.
Natasha casts a spell at you.
You feel yourself slow down.
You fade into invisibility!
Natasha claws you.
* * * LOW HITPOINT WARNING * * *
Fire: a) +1 shortbow
Press: ? - help, Q - select action Shift-Dir - straight line, f/p - Natasha
Aim: Natasha (63% to hit)
You shoot an arrow.
The arrow hits Natasha but does no damage.
Natasha misses you. The giant cockroach misses you. Natasha claws you.
You die...

#####...# #.#
........#
#.#######.
#####...#
#.........
#####
#.########
#.#######
#.......#
#....##.#
###.##B##.####
#....@h.......
#.#.#####.####
)..#.# # ###
#.. ###


You could see Natasha and a giant cockroach (unable to see you).

Vanquished Creatures
  2 adders (D:2)
  2 dart slugs (D:1)
  3 endoplasms
  2 giant cockroaches
  7 hobgoblins
  A jackal (D:1)
  4 quokkas
  5 ball pythons
  3 bats (D:1)
  A frilled lizard (D:2)
  3 goblins
  5 kobolds
  4 rats
42 creatures vanquished.

Notes
Turn   | Place    | Note
-------+----------+-------------------------------------------
     0 | D:1      | Pimp the Deep Elf Hunter began the quest for the Orb.
     0 | D:1      | Reached XP level 1. HP: 12/12 MP: 3/3
    97 | D:1      | Reached XP level 2. HP: 17/17 MP: 4/4
   453 | D:1      | Reached XP level 3. HP: 21/21 MP: 5/5
   746 | D:2      | Found an ornate altar of the Wu Jian Council.
   911 | D:2      | Identified the +4 quarterstaff of Ullam {heavy, Int+3}
  1084 | D:2      | Noticed Natasha
  1090 | D:2      | Slain by Natasha

Illustrated notes

Levels and vault maps discovered:
D:1:      sevenhm_arrival_forest_fort_small_3, layout_loops_ring, st_stairs_1,
          corexii_leaking_fountain
D:2:      layout_loops_ring, basic_altar, uniq_natasha

Skill      XL: |  1  2 |
---------------+-------+-----
Stealth        | 2 |  2.6
Fighting       | 2 |  2.2
Dodging        | 3 |  3.3
Ranged Weapons | |  5.8

Action                     || total
---------------------------++-------
   Fire: Shortbow          ||    89
    Use: Scroll            ||     4
         Potion            ||     1
 Armour: Leather armour    ||     8
  Dodge: Dodged            ||    15

Table legend: (Time is in decaauts)
 A = Elapsed time spent in this place.
 B = Non-inter-level travel time spent in this place.
 C = Inter-level travel time spent in this place.
 D = Time resting spent in this place.
 E = Time spent auto-exploring this place.
 F = Levels seen in this place.
 G = Mean time per level.
                   A        B        C        D        E       F      G
               +--------+--------+--------+--------+--------+-----+--------+
         Total |   1105 |   1028 |     77 |     14 |    785 |   2 |  552.5 |
       Dungeon |   1105 |   1028 |     77 |     14 |    785 |   2 |  552.5 |
               +--------+--------+--------+--------+--------+-----+--------+

Top non-repeatable levels by time:
     D:1: 680 daAuts
     D:2: 425 daAuts
